AoeStats
← Mashu

Arabia

509084771Analyzed
1v1 RM · 5d ago on Sep 25, 2026· 27m 15s· 2 players
Game mode
Random Map
Map size
Tiny (2 player)
Population
200
Speed
Normal
Resources
Standard
Victory
Conquest
Starting age
Dark Age
Ending age
Imperial Age
RankedLock teamsTeams togetherTeam positionsShared explorationLock speedFull tech treeHidden civsTurbo modeCheats
Victory
Defeat
🇮🇹 Burgundians · Italy
727
+15
🇺🇸 Japanese · United States
704
-15
Mashu
7:26 Loom
10:24 Feudal Age
10:59 Horse Collar
11:44 Double-Bit Axe
15:05 Forging
14:48 Fletching
15:10 Gold Mining
17:32 Town Watch
21:27 Castle Age
20:31 Padded Archer Armor
21:41 Wheelbarrow
21:04 Stone Mining
21:31 Elite Skirmisher
21:50 Pikeman
23:59 Forging
26:10 Bow Saw
28:11 Iron Casting
baobabbio96
10:15 Loom
12:04 Feudal Age
10:19 Loom
10:23 Double-Bit Axe
10:21 Horse Collar
19:10 Castle Age
17:19 Gold Mining
17:35 Heavy Plow
18:51 Gold Shaft Mining
19:15 Cavalier
19:57 Husbandry
19:54 Crossbowman
26:43 Scale Barding Armor
26:49 Forging
Connection lost

Rejoining the realm…

Still unreachable

The connection could not be restored.

Session expired

The server has moved on; the page needs a fresh start.